 Dungeon Crawl Stone Soup version 0.22-b1-59-g0aedee7 (webtiles) character file.

36339 Lew the Severer (level 13, 0/148 HPs)
             Began as a Hill Orc Fighter on Aug 9, 2018.
             Slain by a thrashing horror (3 damage)
             ... on level 3 of the Abyss.
             The game lasted 01:15:11 (17619 turns).

Lew the Severer (Hill Orc Fighter)                 Turns: 17619, Time: 01:15:13

Health: 0/148      AC: 29    Str: 20    XL:     13   Next: 89%
Magic:  0/22       EV:  2    Int:  4    God:
Gold:   181        SH: 12    Dex: 10    Spells: 12/12 levels left

rFire    . . .     SeeInvis .   y - +7 war axe (flame)
rCold    . . .     Gourm    .   p - +0 shield
rNeg     + + +     Faith    .   (armour currently unavailable)
rPois    +         Spirit   +   (helmet currently unavailable)
rElec    .         Reflect  .   (cloak currently unavailable)
rCorr    .         Harm     .   (gloves currently unavailable)
MR       .....     NoTele   +   (boots currently unavailable)
Stlth    +.........             j - amulet of guardian spirit
HPRegen  0.00/turn              O - +3 ring of protection
MPRegen  0.18/turn              M - ring of magical power

@: tree-form
A: [blurry vision 3], [deterioration 2], [dopey 2], [frail 2], [inhibited
regeneration], [weak 2]
a: no special abilities


You were on level 3 of the Abyss.
You were not hungry.
You were a tree.
You visited 7 branches of the dungeon, and saw 22 of its levels.
You visited the Abyss 1 time.

You collected 2141 gold pieces.
You spent 1960 gold pieces at shops.

Inventory:

Hand Weapons
 q - a +0 battleaxe
 y - a +7 war axe of flaming (weapon)
 H - a +2 morningstar of protection
Missiles
 e - 33 tomahawks (quivered)
Armour
 d - a +1 chain mail of fire resistance
 n - a scarf of repulsion (melded)
 p - a +0 shield (worn)
 v - a scarf of resistance
 K - a +2 cloak of magic resistance
 R - a +3 plate armour of poison resistance (melded)
 S - a +2 pair of gloves of archery (melded)
Jewellery
 i - a +2 amulet of reflection
 j - an amulet of guardian spirit (around neck)
 x - an uncursed ring of positive energy
 M - a ring of magical power (right branch)
 N - an uncursed ring of protection from cold
 O - a +3 ring of protection (left branch)
Wands
 k - a wand of flame (23)
 u - a wand of random effects (19)
 A - a wand of disintegration (17)
Scrolls
 b - 3 scrolls of remove curse
 c - a scroll of immolation
 g - a scroll of amnesia {unknown}
 h - 2 scrolls of teleportation
 l - 6 scrolls of blinking
 m - a scroll of torment {unknown}
 r - 2 scrolls of fear
 s - 4 scrolls of magic mapping
 z - a scroll of fog
 D - a scroll of acquirement
Potions
 a - 2 potions of brilliance
 o - 2 potions of ambrosia
 E - 2 potions of lignification
 G - a potion of berserk rage
 J - 2 potions of magic
Miscellaneous
 t - a phantom mirror
Comestibles
 f - 22 rations


   Skills:
 + Level 14.2 Fighting
 + Level 16.3(16.4) Axes
 + Level 2.7(9.8) Maces & Flails
 + Level 12.1 Armour
 + Level 12.1 Shields


You had 12 spell levels left.
You didn't know any spells.
Your spell library contained the following spells:

 Spells                   Type           Power        Failure   Level  Hunger
 Apportation              Tloc           #.....       63%         1    ##.....
 Bolt of Cold             Conj/Ice       #.........   100%        6    #######
 Lightning Bolt           Conj/Air       #.........   100%        5    ######.
 Invisibility             Hex            #.......     100%        6    #######
 Freezing Cloud           Conj/Ice/Air   #.........   100%        6    #######
 Ozocubu's Refrigeration  Ice            #.........   100%        6    #######
 Tukima's Dance           Hex            #.......     94%         3    ####...
 Shock                    Conj/Air       #...         63%         1    ##.....
 Swiftness                Chrm/Air       #.......     77%         2    ###....
 Ice Form                 Ice/Tmut       #.......     100%        4    #####..
 Airstrike                Air            #.........   100%        4    #####..
 Metabolic Englaciation   Hex/Ice        #.........   100%        5    ######.
 Summon Butterflies       Summ           #.......     63%         1    ##.....
 Static Discharge         Conj/Air       #.......     94%         3    ####...
 Alistair's Intoxication  Tmut/Pois      #.......     100%        5    ######.
 Simulacrum               Ice/Necr       #.........   100%        6    #######
 Lesser Beckoning         Tloc           #.........   94%         3    ####...


Dungeon Overview and Level Annotations

Branches:
Dungeon (12/15)            Temple (1/1) D:7            Lair (4/6) D:9
 Shoals (1/4) Lair:2       Spider (1/4) Lair:2          Orc (2/2) D:12
    Elf (1/3) Orc:2

Altars:
Ashenzari
Cheibriados
Dithmenos
Elyvilon
Fedhas
Gozag
Hepliaklqana
Kikubaaqudgha
Makhleb
Nemelex Xobeh
Okawaru
Qazlal
Ru
Sif Muna
Trog
Uskayaw
Vehumet
Wu Jian
Xom
Yredelemnul
Zin
The Shining One

Shops:
D:4 (   Orc:2 [[[


Innate Abilities, Weirdness & Mutations

[Scrolls take you much longer to read.]
[((Armour fits poorly on your strangely shaped body.))]
[Your body often deteriorates upon taking damage.]
[You are very dopey. (Int -4)]
[You are very frail. (-20% HP)]
[You do not regenerate when monsters are visible.]
[You are very weak. (Str -4)]


Message History

You block the thrashing horror's attack.
The thrashing horror tramples you but does no damage.
The thrashing horror barely misses you.
You block the thrashing horror's attack.
The thrashing horror tramples you but does no damage. x2
Okay, then.
Really read with blurry vision while enemies are nearby?
The thrashing horror roars!
You block the thrashing horror's attack.
The thrashing horror tramples you but does no damage.
The thrashing horror tramples you.
* * * LOW HITPOINT WARNING * * *
The thrashing horror tramples you but does no damage.
You block the thrashing horror's attack.
The thrashing horror tramples you but does no damage.
You begin reading the scroll.
You continue reading the scroll.
The thrashing horror roars!
You block the thrashing horror's attack.
The thrashing horror tramples you.
You die...

# #X ##
#.######.#
#.......#
#..#.#..##
# ###.#.#
##.#.# .#
#.#XX# .#
#..X♣# #
######


You could see 3 thrashing horrors.

Vanquished Creatures
  Erolcha (D:11)
  Josephine (D:11)
  3 hydras
  Erica (D:10)
  2 two-headed ogres
  7 orc high priests
  The ghost of Lew the Cleaver, a novice GrFi of Dithmenos (Lair:1)
  A sea snake (Shoals:1)
  A lindwurm (shapeshifter) (Abyss:3)
  7 orc knights
  An orc sorcerer (Orc:1)
  An ugly thing (D:11)
  A cyclops (Orc:2)
  Maurice (D:11)
  A black mamba (Lair:4)
  4 spiny frogs
  Psyche (D:11)
  3 komodo dragons
  2 trolls (Orc:1)
  A raiju (Abyss:3)
  2 hippogriffs
  2 dream sheep (D:12)
  4 blink frogs (Lair:3)
  23 yaks
  Sigmund (D:5)
  A wyvern (D:9)
  3 wraiths (D:11)
  3 basilisks
  2 hungry ghosts
  Menkaure (D:6)
  3 wargs
  A water moccasin (Lair:3)
  2 hell hounds (D:9)
  5 porcupines
  35 orc warriors
  3 phantoms
  2 sky beasts
  2 black bears
  2 ice beasts
  2 necrophages
  12 ogres
  9 centaurs
  4 wolves (Lair:3)
  4 crocodiles
  5 big kobolds
  A gnoll sergeant (D:7)
  6 bullfrogs
  A wyvern skeleton (D:11)
  2 scorpions
  6 killer bees (D:8)
  2 howler monkeys
  A bullfrog zombie (D:11)
  2 crimson imps
  2 centaur zombies
  2 hounds (D:11)
  4 jellies
  27 orc priests
  A bullfrog skeleton (D:9)
  A centaur skeleton (D:9)
  6 iguanas
  17 orc wizards
  7 worker ants
  3 hound zombies
  A hound skeleton (D:3)
  12 gnolls
  9 adders
  2 shadow imps
  An ooze (D:2)
  An adder skeleton (D:4)
  2 adder zombies
  2 worms
  2 dart slugs
  3 leopard geckos
  59 orcs
  9 bats
  6 giant cockroaches
  4 goblins
  12 hobgoblins
  13 jackals
  4 quokkas
  2 ball pythons
  A ball python skeleton (D:5)
  3 frilled lizards
  A jackal skeleton (D:7)
  18 kobolds
  A quokka zombie (D:8)
  11 rats
  A fungus (Lair:4)
  6 plants
451 creatures vanquished.

Notes
Turn   | Place    | Note
-------+----------+-------------------------------------------
     0 | D:1      | Lew the Hill Orc Fighter began the quest for the Orb.
     0 | D:1      | Reached XP level 1. HP: 19/19 MP: 1/1
    98 | D:1      | Reached skill level 3 in Axes
   172 | D:1      | Reached XP level 2. HP: 24/27 MP: 2/2
   497 | D:1      | Reached XP level 3. HP: 33/33 MP: 3/3
   924 | D:2      | Reached skill level 4 in Axes
   924 | D:2      | Reached XP level 4. HP: 22/40 MP: 4/4
  1027 | D:2      | Found a shadowy altar of Dithmenos.
  1480 | D:3      | Reached XP level 5. HP: 19/47 MP: 3/5
  2424 | D:4      | Reached skill level 5 in Axes
  2569 | D:4      | Reached XP level 6. HP: 38/55 MP: 6/6
  2866 | D:4      | Found Fuas's Antique Weapon Shop.
  3308 | D:5      | Entered Level 5 of the Dungeon
  3371 | D:5      | Noticed a sky beast
  3387 | D:5      | Killed a sky beast
  3387 | D:5      | Reached skill level 5 in Fighting
  3387 | D:5      | Reached skill level 6 in Axes
  3443 | D:5      | Reached XP level 7. HP: 31/61 MP: 7/7
  3743 | D:5      | Noticed Sigmund
  3785 | D:5      | Killed Sigmund
  3785 | D:5      | Reached skill level 7 in Axes
  3785 | D:5      | Reached skill level 5 in Armour
  3785 | D:5      | Reached skill level 5 in Shields
  4310 | D:5      | Found a bloodstained altar of Trog.
  4547 | D:6      | Noticed Menkaure
  4551 | D:6      | Killed Menkaure
  4567 | D:6      | Reached XP level 8. HP: 61/70 MP: 8/8
  4626 | D:6      | Found a blossoming altar of Fedhas.
  4710 | D:6      | Found a sacrificial altar of Ru.
  4860 | D:6      | Reached skill level 8 in Axes
  5153 | D:6      | Found a hazy altar of Hepliaklqana.
  5313 | D:7      | Found a staircase to the Ecumenical Temple.
  5341 | D:7      | Reached skill level 9 in Axes
  5361 | Temple   | Entered the Ecumenical Temple
  5553 | D:7      | Found a blossoming altar of Fedhas.
  5582 | D:7      | Reached XP level 9. HP: 69/78 MP: 9/9
  5765 | D:7      | Reached skill level 10 in Axes
  5810 | D:7      | Found an iron altar of Okawaru.
  5879 | D:7      | Found an ornate altar of the Wu Jian Council.
  6121 | D:7      | Found a stormy altar of Qazlal.
  6949 | D:8      | Found a glowing silver altar of Zin.
  6999 | D:8      | Found a glowing golden altar of the Shining One.
  6999 | D:8      | Found a sparkling altar of Nemelex Xobeh.
  7074 | D:8      | Reached skill level 11 in Axes
  7300 | D:9      | Found a staircase to the Lair.
  7522 | D:9      | Reached XP level 10. HP: 88/88 MP: 10/10
  8091 | Lair:1   | Entered Level 1 of the Lair of Beasts
  8268 | Lair:1   | Found a runed door.
  8275 | Lair:1   | Noticed Lew's ghost (novice GrFi)
  8287 | Lair:1   | Killed Lew's ghost
  8287 | Lair:1   | Reached skill level 12 in Axes
  8735 | Lair:2   | Reached skill level 13 in Axes
  8903 | Lair:2   | Found a hole to the Spider Nest.
  8909 | Lair:2   | Noticed an eight-headed hydra
  8916 | Lair:2   | Killed a seven-headed hydra
  8935 | Spider:1 | Entered Level 1 of the Spider Nest
  8935 | Spider:1 | Noticed an emperor scorpion
  8935 | Spider:1 | Noticed an orb spider
  8935 | Spider:1 | Noticed an orb spider
  9034 | Lair:2   | Noticed a spiny frog
  9039 | Lair:2   | Killed a spiny frog
  9039 | Lair:2   | Reached XP level 11. HP: 97/97 MP: 11/11
  9061 | Lair:2   | Found a staircase to the Shoals.
  9372 | Shoals:1 | Entered Level 1 of the Shoals
  9402 | Shoals:1 | Noticed a sea snake
  9419 | Shoals:1 | Killed a sea snake
  9543 | Shoals:1 | Noticed a merfolk avatar
  9914 | Lair:3   | Reached skill level 10 in Fighting
 10193 | Lair:3   | Reached skill level 14 in Axes
 10330 | Lair:3   | Noticed a seven-headed hydra
 10494 | Lair:2   | Killed a one-headed hydra
 11955 | D:9      | Identified a scroll of acquirement
 12160 | D:10     | Entered Level 10 of the Dungeon
 12237 | D:10     | Noticed Erica
 12242 | D:10     | Killed Erica
 12350 | D:10     | Reached skill level 15 in Axes
 12350 | D:10     | Reached XP level 12. HP: 105/107 MP: 12/12
 12371 | D:10     | Reached skill level 10 in Shields
 12446 | D:10     | Reached skill level 10 in Armour
 12739 | D:11     | Noticed Psyche
 12744 | D:11     | Killed Psyche
 12760 | D:11     | Noticed Josephine
 12771 | D:11     | Killed Josephine
 12962 | D:11     | Noticed Maurice
 12971 | D:11     | Killed Maurice
 13403 | D:11     | Noticed Erolcha
 13424 | D:11     | Killed Erolcha
 13424 | D:11     | Reached skill level 16 in Axes
 13647 | D:11     | Got a heavily jewelled robe
 13684 | D:12     | Found a staircase to the Orcish Mines.
 13684 | D:12     | Noticed a two-headed ogre
 13690 | D:12     | Killed a two-headed ogre
 13780 | D:12     | Noticed a three-headed hydra
 13783 | D:12     | Killed a one-headed hydra
 13824 | Orc:1    | Entered Level 1 of the Orcish Mines
 13828 | Orc:1    | Paralysed by an orc sorcerer for 6 turns
 13840 | Orc:1    | Noticed a soul eater
 13956 | Orc:1    | Reached XP level 13. HP: 102/118 MP: 13/13
 14438 | Orc:1    | You fall through a shaft!
 14438 | Orc:2    | Entered Level 2 of the Orcish Mines
 15094 | Orc:2    | Identified the cursed +1 robe of Gozag's Favour {Str+2 Dex+4} (You found it on level 11 of the Dungeon)
 15261 | Orc:2    | Found a staircase to the Elven Halls.
 15287 | Orc:2    | Found a bloodstained altar of Trog.
 15745 | Orc:2    | Reached skill level 1 in Maces & Flails
 16963 | Orc:2    | Found Puno's Antique Armour Emporium.
 16973 | Orc:2    | Found Turodet's Antique Armour Emporium.
 16974 | Orc:2    | Found Xurof's Antique Armour Emporium.
 16974 | Orc:2    | Found Miekk's Food Shoppe.
 16992 | Orc:2    | Bought a runed plate armour for 598 gold pieces
 16992 | Orc:2    | Bought a pair of runed gloves for 172 gold pieces
 16995 | Orc:2    | Bought a runed plate armour for 910 gold pieces
 16995 | Orc:2    | Bought a glowing scarf for 280 gold pieces
 17238 | Elf:1    | Entered Level 1 of the Elven Halls
 17240 | Elf:1    | Noticed a deep elf demonologist
 17245 | Elf:1    | Noticed a blizzard demon
 17246 | Elf:1    | Noticed a cacodemon
 17247 | Elf:1    | Cast into level 3 of the Abyss (a deep elf demonologist)
 17279 | Abyss:3  | Noticed a cacodemon
 17421 | Abyss:3  | Noticed a starcursed mass
 17548 | Abyss:3  | Noticed a tentacled monstrosity
 17613 | Abyss:3  | HP: 4/98 [thrashing horror (5)]
 17618 | Abyss:3  | HP: 3/148 [thrashing horror (3)]
 17619 | Abyss:3  | Slain by a thrashing horror

Skill      XL: |  1  2  3  4  5  6  7  8  9 10 11 12 13 |
---------------+----------------------------------------+-----
Axes           | 3 4 5 6 7 9 11 13 15 16 | 16.3
Fighting       | 4 5 6 8 9 10 12 14 | 14.2
Armour         | 4 5 6 7 8 9 11 12 | 12.1
Shields        | 4 5 6 7 8 9 11 12 | 12.1
Maces & Flails | 2 |  2.7

Action                   |  1- 3 |  4- 6 |  7- 9 | 10-12 | 13-15 || total
-------------------------+-------+-------+-------+-------+-------++-------
Melee: War axe           |   125 |   243 |   383 |   448 |   323 ||  1522
Evoke: Wand              |       |       |     8 |     9 |       ||    17
       Phantom mirror    |       |       |       |     1 |       ||     1
  Use: Scroll            |     1 |     9 |    11 |    20 |    13 ||    54
       Potion            |       |     1 |     7 |    10 |     6 ||    24
  Eat: Ration            |       |     2 |     2 |     6 |     3 ||    13
       Chunk             |       |     1 |     9 |       |     2 ||    12
Armor: Scale mail        |    11 |       |       |       |       ||    11
       Plate armour      |    87 |   214 |   199 |   187 |   123 ||   810
       Skin              |       |       |       |       |     6 ||     6
Dodge: Dodged            |    21 |    48 |    56 |    77 |    61 ||   263
       Deflected         |       |       |     3 |     4 |     3 ||    10
Block: Shield            |    74 |   147 |   205 |   205 |   164 ||   795
